 Seeded DCSS version 0.31-a0-128-g25add195a6 (webtiles) character file.

Game seed: 8951350163412572868 (custom seed)

56 Pimp the Sneak (level 3, -4/22 HPs)
             Began as an Octopode Earth Elementalist on June 1, 2023.
             Slain by a gnoll
             ... wielding a +0 halberd
              (9 damage)
             ... on level 2 of the Dungeon.
             The game lasted 00:01:47 (1265 turns).

Pimp the Sneak (Octopode Earth Elementalist)        Turns: 1265, Time: 00:01:49

Health: -4/22      AC:  1    Str:  7    XL:     3   Next: 97%
Magic:  1/6        EV: 13    Int: 19    God:
Gold:   54         SH:  0    Dex: 12    Spells: 5/6 levels left

rFire   . . .        (no weapon)
rCold   . . .        (no shield)
rNeg    . . .        (helmet restricted)
rPois   .            c - amulet of the acrobat
rElec   .            (no ring)
rCorr   .            (no ring)
SInv    .            (no ring)
Will    .....        (no ring)
Stlth   +++          (no ring)
HPRegen 0.23/turn    (no ring)
MPRegen 0.10/turn    (no ring)
                     (no ring)

%: acrobat
@: no status effects
A: almost no armour, amphibious, 8 rings, camouflage 1, gelatinous body 1,
(nimble swimmer 1), tentacles
a: no special abilities


You were on level 2 of the Dungeon.
You visited 1 branch of the dungeon, and saw 2 of its levels.

You collected 54 gold pieces.

Inventory:

Jewellery
 a - a +6 ring of dexterity
 c - an amulet of the acrobat (around mantle)
Potions
 b - a potion of curing


   Skills:
 + Level 0.3 Fighting
 + Level 2.5 Dodging
 - Level 3.3 Stealth
 + Level 2.4 Spellcasting
 + Level 1.8 Transmutations
 + Level 3.3 Earth Magic


You had 5 spell levels left.
You knew the following spells:

 Your Spells              Type           Power      Damage    Failure   Level
a - Sandblast             Erth           30%        2d9       4%          1

Your spell library contained the following spells:

 Spells                   Type           Power      Damage    Failure   Level
 Passwall                 Tmut/Erth      10%        N/A       9%          2
 Stone Arrow              Conj/Erth      16%        3d8       24%         3
 Petrify                  Tmut/Erth      12%        N/A       50%         4


Dungeon Overview and Level Annotations

Branches:
Dungeon (2/15)

Altars:


Innate Abilities, Weirdness & Mutations

You cannot wear most types of armour.
You are amphibious.
You can wear up to eight rings at the same time.
Your skin changes colour to match your surroundings (Stealth+).
Your rubbery body absorbs attacks. (AC +1, EV +1)
((You are camouflaged when in or above water. (Stealth+)))
You have tentacles for arms and can constrict up to eight enemies at once.


Message History

You climb downwards.
There is a stone staircase leading up here.
There are monsters nearby!
The blast of sand hits the rat!
You kill the rat!
You can't see any susceptible monsters within range! (Use Z to cast anyway.)
There is a stone staircase leading up here.
A worm is nearby!
A worm is nearby!
The blast of sand hits the worm!
The worm is severely wounded.
The blast of sand hits the worm!
You kill the worm!
You can't see any susceptible monsters within range! (Use Z to cast anyway.) No target in view!
Magic restored.
Found a stone staircase leading down.
Found a ring mail.
A gnoll comes into view. It is wielding a +0 club.
A gnoll is nearby!
The blast of sand hits the gnoll!
The gnoll is heavily wounded.
The gnoll shouts!
You hear a shout! x3
A gnoll comes into view. It is wielding a +0 spear.
The gnoll hits you with a +0 club.
A gnoll comes into view. It is wielding a +0 halberd.
The blast of sand hits the gnoll!
You kill the gnoll!
The gnoll barely misses you.
The blast of sand hits the gnoll!
The gnoll is almost dead.
The gnoll hits you from afar with a +0 spear.
The blast of sand misses the gnoll.
The gnoll misses you.
The blast of sand hits the gnoll!
The gnoll is severely wounded.
The gnoll hits you from afar with a +0 halberd!
Ouch! That really hurt!
* * * LOW HITPOINT WARNING * * *
The gnoll hits you from afar with a +0 halberd!
You die... ## ###. gg.

#)#################
#.@................
##################.
..........
#........ +........
## ##........
###+#.. ..........
#.....#####
#.#+####..
#.........# #.#.#
#..


You could see 2 gnolls.

Vanquished Creatures
  A gnoll (D:2)
  A worm (D:2)
  A dart slug (D:1)
  3 endoplasms (D:1)
  3 giant cockroaches (D:1)
  A goblin (D:1)
  5 hobgoblins (D:1)
  5 kobolds (D:1)
  7 ball pythons (D:1)
  4 bats (D:1)
  3 frilled lizards (D:1)
  3 rats
37 creatures vanquished.

Notes
Turn   | Place    | Note
-------+----------+-------------------------------------------
     0 | D:1      | Pimp the Octopode Earth Elementalist began the quest for
                  | the Orb.
     0 | D:1      | Reached XP level 1. HP: 11/11 MP: 3/3
    85 | D:1      | Reached XP level 2. HP: 17/17 MP: 1/5
   580 | D:1      | Reached XP level 3. HP: 21/21 MP: 4/6
  1265 | D:2      | Slain by a gnoll

Illustrated notes

Levels and vault maps discovered:
D:1:      dpeg_arrival_refuge, layout_basic, minmay_pentomino_x4
D:2:      layout_basic, nicolae_figureground_sparkle, uniq_natasha, uniq_robin

Skill      XL: |  1  2 |
---------------+-------+-----
Stealth        | 3 |  3.3
Fighting       | |  0.3
Dodging        | |  2.5
Spellcasting   | |  2.4
Transmutations | |  1.8
Earth Magic    | |  3.3

Action                     || total
---------------------------++-------
   Cast: Sandblast         ||    51
    Use: Potion            ||     2
         Scroll            ||     1
 Armour: Skin              ||     1
  Dodge: Dodged            ||    10

Table legend: (Time is in decaauts)
 A = Elapsed time spent in this place.
 B = Non-inter-level travel time spent in this place.
 C = Inter-level travel time spent in this place.
 D = Time resting spent in this place.
 E = Time spent auto-exploring this place.
 F = Levels seen in this place.
 G = Mean time per level.
                   A        B        C        D        E       F      G
               +--------+--------+--------+--------+--------+-----+--------+
         Total |   1289 |   1265 |     24 |    100 |    966 |   2 |  644.5 |
       Dungeon |   1289 |   1265 |     24 |    100 |    966 |   2 |  644.5 |
               +--------+--------+--------+--------+--------+-----+--------+

Top non-repeatable levels by time:
     D:1: 1197 daAuts
     D:2: 92 daAuts
